 Dungeon Crawl Stone Soup version 0.24.0-2-g5b39cebb1c (webtiles) character file.

Game seed: 5941443594938783003, levelgen mode: deterministic

16 Nivan the Conjurer (level 2, 0/20 HPs)
             Began as a Draconian Conjurer on Oct 31, 2019.
             Shot with an arrow by a centaur (6 damage)
             ... on level 3 of the Dungeon.
             The game lasted 00:02:36 (593 turns).

Nivan the Conjurer (Draconian Conjurer)              Turns: 593, Time: 00:02:36

Health: 0/20       AC:  4    Str: 10    XL:     2   Next: 37%
Magic:  4/5        EV: 12    Int: 15    God:
Gold:   25         SH:  0    Dex: 11    Spells: 4/5 levels left

rFire    . . .     SeeInvis .   (no weapon)
rCold    . . .     Gourm    .   (no shield)
rNeg     . . .     Faith    .   (armour unavailable)
rPois    .         Spirit   .   (helmet restricted)
rElec    .         Reflect  .   (no cloak)
rCorr    .         Harm     .   (no gloves)
MR       .....                  (no boots)
Stlth    ++........             (no amulet)
HPRegen  0.06/turn              (no ring)
MPRegen  0.09/turn              (no ring)

@: no status effects
A: unfitting armour, cold-blooded, AC +4
a: no special abilities


You were on level 3 of the Dungeon.
You were not hungry.

You visited 1 branch of the dungeon, and saw 3 of its levels.

You collected 25 gold pieces.

Inventory:

Scrolls
 a - a scroll of remove curse {unknown}
 d - a scroll of fear
Comestibles
 b - 2 rations
 c - a chunk of flesh


   Skills:
 + Level 1.9 Dodging
 + Level 1.8 Stealth
 + Level 2.0 Spellcasting
 + Level 4.5 Conjurations


You had 4 spell levels left.
You knew the following spells:

 Your Spells              Type           Power        Failure   Level  Hunger
a - Magic Dart            Conj           ###.         3%          1    #......

Your spell library contained the following spells:

 Spells                   Type           Power        Failure   Level  Hunger
 Searing Ray              Conj           ###...       5%          2    ###....
 Beastly Appendage        Tmut           #.....       22%         1    #......
 Dazzling Spray           Conj/Hex       #.....       26%         3    ###....
 Sticks to Snakes         Tmut           #.......     32%         2    ###....
 Iskenderun's Mystic Bla  Conj           ###.....     34%         4    #####..
 Spider Form              Tmut/Pois      #.........   54%         3    ###....
 Force Lance              Conj/Tloc      #.......     65%         4    #####..
 Fulminant Prism          Conj/Hex       #.........   65%         4    #####..
 Ice Form                 Ice/Tmut       #.......     91%         4    #####..
 Blade Hands              Tmut           #.........   99%         5    ######.


Dungeon Overview and Level Annotations

Branches:
Dungeon (3/15)

Altars:
Ru


Innate Abilities, Weirdness & Mutations

Your plain brown scales are hard. (AC +4)
You cannot fit into any form of body armour.
You are cold-blooded and may be slowed by cold attacks.


Message History

The magic dart hits the centaur.
The centaur is lightly wounded.
The centaur shouts!
The centaur wields a +0 shortbow.
The centaur shoots an arrow.
The arrow barely misses you.
The centaur shoots an arrow.
The arrow hits you!
The centaur zaps a wand.
You resist with significant effort.
The centaur shoots an arrow.
The arrow closely misses you.
You see here 24 bolts.
The centaur zaps a wand.
You suddenly lose the ability to move!
The centaur shoots an arrow.
The arrow hits you but does no damage.
The centaur zaps a wand.
You shrug off the repeated paralysis!
The now-empty wand crumbles to dust.
The centaur shoots an arrow.
The arrow hits you!
* * * LOW HITPOINT WARNING * * *
The centaur shoots an arrow.
The arrow barely misses you.
You can move again.
There is a stone staircase leading down here.
You see here 3 arrows.
The centaur shoots an arrow.
The arrow hits you.
You die...

.# ##...#..≈≈≈(.
#.#################...#..≈...≈.
##...................#...≈._.≈.
#.........###.........#..≈...≈.
.........## #.#####....#..≈≈≈..
####.#..# #.# #####.#######
####.#(.# #.# ##.......
#.......# #.### .######
#.##..#.# #.@(# ######
#..#(####(#.#### .....
#...............# #####
....†...c....#.###.#
#.##.##.######.# ......# .#
.####..# .# . .... .# ##...


You could see a centaur.

Vanquished Creatures
  An adder (D:3)
  A leopard gecko (D:3)
  A hobgoblin (D:3)
  A jackal (D:2)
  2 frilled lizards
  A quokka skeleton (D:2)
7 creatures vanquished.

Notes
Turn   | Place    | Note
-------+----------+-------------------------------------------
     0 | D:1      | Nivan the Draconian Conjurer began the quest for the Orb.
     0 | D:1      | Reached XP level 1. HP: 14/14 MP: 3/3
   132 | D:2      | Noticed a hound
   163 | D:3      | Reached XP level 2. HP: 3/20 MP: 3/5
   539 | D:3      | Found a sacrificial altar of Ru.
   582 | D:3      | Noticed a centaur
   589 | D:3      | Paralysed by a centaur for 4 turns
   593 | D:3      | Shot with an arrow by a centaur

Levels and vault maps discovered:
D:1:      saegor_arrival_simple_b, layout_loops_ring, minmay_close_crescents
D:2:      layout_basic, grunt_temple_overflow_growth_and_decay,
          makhleb_heckhound_becter, minmay_misc_feat_five, elyvilon_altar_5
D:3:      layout_loops_ring, gammafunk_ghost_nasty_kobolds, first_ration,
          nicolae_ru_awakened_eye

Action                   || total
-------------------------++-------
Melee: Unarmed           ||    11
       Tailslap          ||     1
 Cast: Magic Dart        ||    15
  Use: Scroll            ||     3
       Potion            ||     1
Armor: Skin              ||     9
Dodge: Dodged            ||    26
